[ AOE2 MATCH · #508310660 ]
UnrankedLithuanians vs Teutons
Rival team · LOSS
[ REPLAY ANALYSIS · EXTRACTED FROM THE RECORDED GAME ]
Feudal
9:40
Castle
21:44
Imperial
—
| APM avg | 19.1 |
| APM peak | 40 |
| eAPM avg | 14.1 |
| Villagers / military | 64 / 41 |
Focus
⚔️ 39.6% · 🌾 60.4%
Archer ×20 · Leitis ×7 · Monk ×4 · Knight ×4 · Militia ×3 · Scout Cavalry ×2
Feudal
10:48
Castle
24:07
Imperial
—
| APM avg | 30.7 |
| APM peak | 55 |
| eAPM avg | 13.5 |
| Villagers / military | 79 / 39 |
Focus
⚔️ 24.5% · 🌾 75.5%
Knight ×36 · Monk ×2 · Spearman ×1
Match map
Initial resources + every placement click. Lines = walls · curves = elevation contours. ◆ gold · ⬟ stone · ● berries · ✦ relic · ◌ wall gap
Your base· Open — 2t gap
Miazaki2139's base· Open — 5t gap
Smoothed initial terrain · ◌ = detected wall gap · hover for details
Inputs per minute
— NoDjok - - Miazaki2139
Build order — NoDjok
First 150 of 205 actions detected
| 0:02 | Queue | Villager (Male) |
| 0:02 | Queue | Villager (Male) |
| 0:03 | Queue | Villager (Male) |
| 0:03 | Queue | Villager (Male) |
| 0:03 | Queue | Villager (Male) |
| 0:04 | Queue | Villager (Male) |
| 0:05 | Build | House |
| 0:08 | Build | House |
| 1:59 | Queue | Villager (Male) |
| 1:59 | Queue | Villager (Male) |
| 2:16 | Build | Lumber Camp |
| 3:13 | Build | House |
| 3:40 | Queue | Villager (Male) |
| 3:40 | Queue | Villager (Male) |
| 3:40 | Queue | Villager (Male) |
| 3:41 | Queue | Villager (Male) |
| 4:11 | Queue | Villager (Male) |
| 4:17 | Build | Mill |
| 5:30 | Queue | Villager (Male) |
| 5:31 | Queue | Villager (Male) |
| 5:31 | Queue | Villager (Male) |
| 6:12 | Research | Loom |
| 7:07 | Build | Barracks |
| 7:10 | Build | House |
| 7:30 | Research | Feudal Age |
| 8:04 | Build | Mining Camp |
| 8:22 | Queue | Militia |
| 8:23 | Queue | Militia |
| 8:43 | Queue | Militia |
| 9:03 | Build | House |
| 9:09 | Build | Palisade Gate |
| 9:37 | Queue | Villager (Male) |
| 9:37 | Queue | Villager (Male) |
| 9:40 | Age | Feudal Age |
| 9:46 | Research | Man-at-Arms (upgrade) |
| 9:51 | Build | Archery Range |
| 10:21 | Build | Farm |
| 10:40 | Queue | Villager (Male) |
| 10:40 | Queue | Villager (Male) |
| 10:40 | Queue | Villager (Male) |
| 10:52 | Research | Double-Bit Axe |
| 11:11 | Queue | Villager (Male) |
| 11:14 | Build | Farm |
| 11:16 | Build | Farm |
| 11:30 | Queue | Archer |
| 11:32 | Build | House |
| 11:34 | Build | Palisade Wall |
| 11:53 | Queue | Villager (Male) |
| 12:06 | Build | House |
| 12:07 | Build | House |
| 12:08 | Build | House |
| 12:11 | Build | Palisade Wall |
| 12:14 | Build | Palisade Wall |
| 12:20 | Queue | Villager (Male) |
| 12:20 | Queue | Villager (Male) |
| 12:32 | Build | Farm |
| 12:35 | Queue | Archer |
| 12:36 | Queue | Archer |
| 12:44 | Build | Palisade Wall |
| 12:51 | Queue | Villager (Male) |
| 13:16 | Queue | Villager (Male) |
| 13:20 | Build | Farm |
| 13:26 | Research | Horse Collar |
| 13:49 | Queue | Villager (Male) |
| 14:10 | Queue | Villager (Male) |
| 14:18 | Build | Blacksmith |
| 14:21 | Build | House |
| 14:22 | Build | House |
| 14:24 | Build | Palisade Wall |
| 14:34 | Build | Palisade Wall |
| 14:49 | Build | Farm |
| 14:51 | Build | Farm |
| 14:54 | Queue | Villager (Male) |
| 14:55 | Queue | Villager (Male) |
| 15:25 | Queue | Villager (Male) |
| 15:30 | Queue | Archer |
| 15:30 | Queue | Archer |
| 15:32 | Queue | Villager (Male) |
| 15:35 | Build | Farm |
| 15:38 | Build | Farm |
| 15:59 | Build | Palisade Wall |
| 16:10 | Research | Fletching |
| 16:11 | Queue | Villager (Male) |
| 16:12 | Queue | Villager (Male) |
| 16:16 | Build | House |
| 16:28 | Queue | Villager (Male) |
| 16:29 | Build | Farm |
| 16:35 | Build | Farm |
| 16:52 | Build | Palisade Wall |
| 16:56 | Build | House |
| 17:03 | Build | Palisade Wall |
| 17:36 | Build | Watch Tower |
| 17:46 | Queue | Archer |
| 17:47 | Queue | Archer |
| 17:52 | Queue | Villager (Male) |
| 17:52 | Queue | Villager (Male) |
| 17:55 | Build | Farm |
| 17:57 | Build | Farm |
| 17:59 | Build | Farm |
| 18:06 | Build | Mining Camp |
| 19:04 | Research | Castle Age |
| 19:10 | Build | Stable |
| 19:34 | Queue | Archer |
| 19:36 | Queue | Villager (Male) |
| 20:01 | Research | Gold Mining |
| 20:15 | Queue | Archer |
| 20:17 | Queue | Villager (Male) |
| 20:49 | Research | Bloodlines |
| 21:07 | Build | Lumber Camp |
| 21:17 | Queue | Archer |
| 21:36 | Research | Bloodlines |
| 21:44 | Age | Castle Age |
| 22:00 | Research | Bodkin Arrow |
| 22:05 | Research | Thumb Ring |
| 23:06 | Research | Crossbowman (upgrade) |
| 23:09 | Queue | Knight |
| 23:15 | Queue | Villager (Male) |
| 23:16 | Queue | Villager (Male) |
| 23:27 | Build | Castle |
| 23:45 | Build | Castle |
| 23:52 | Queue | Villager (Male) |
| 23:52 | Queue | Villager (Male) |
| 23:59 | Queue | Knight |
| 24:10 | Queue | Villager (Male) |
| 24:39 | Queue | Knight |
| 24:42 | Queue | Archer |
| 24:42 | Queue | Archer |
| 25:35 | Research | Forging |
| 25:36 | Research | Scale Barding Armor |
| 25:48 | Build | Monastery |
| 25:52 | Queue | Villager (Male) |
| 26:03 | Queue | Knight |
| 26:19 | Queue | Villager (Male) |
| 26:28 | Build | Town Center |
| 26:39 | Build | Siege Workshop |
| 26:50 | Queue | Leitis |
| 26:50 | Queue | Leitis |
| 26:52 | Queue | Monk |
| 27:00 | Build | Farm |
| 27:01 | Build | Farm |
| 27:08 | Queue | Villager (Male) |
| 27:49 | Build | Farm |
| 27:52 | Build | Farm |
| 28:08 | Queue | Monk |
| 28:20 | Queue | Leitis |
| 28:20 | Queue | Leitis |
| 28:21 | Queue | Villager (Male) |
| 28:22 | Queue | Villager (Male) |
| 28:34 | Build | Farm |
| 28:34 | Build | Farm |
Build order — Miazaki2139
First 150 of 218 actions detected
| 0:04 | Queue | Villager (Male) ×4 |
| 0:05 | Queue | Villager (Male) ×4 |
| 0:07 | Build | House |
| 0:09 | Build | House |
| 1:34 | Queue | Villager (Male) |
| 1:52 | Queue | Villager (Male) |
| 2:25 | Build | House |
| 2:28 | Queue | Villager (Male) |
| 2:28 | Queue | Villager (Male) |
| 2:29 | Queue | Villager (Male) |
| 2:56 | Queue | Villager (Male) |
| 2:57 | Queue | Villager (Male) |
| 3:01 | Build | House |
| 3:07 | Build | Lumber Camp |
| 3:27 | Queue | Villager (Male) |
| 3:27 | Queue | Villager (Male) |
| 3:28 | Queue | Villager (Male) |
| 3:28 | Queue | Villager (Male) |
| 3:57 | Queue | Villager (Male) |
| 3:57 | Queue | Villager (Male) |
| 4:48 | Queue | Villager (Male) |
| 5:06 | Queue | Villager (Male) |
| 5:38 | Queue | Villager (Male) |
| 6:12 | Queue | Villager (Male) |
| 6:55 | Queue | Villager (Male) |
| 7:10 | Build | Mill |
| 7:37 | Research | Loom |
| 8:07 | Queue | Villager (Male) |
| 8:38 | Research | Feudal Age |
| 9:48 | Build | Palisade Wall |
| 10:48 | Age | Feudal Age |
| 10:51 | Build | Mining Camp |
| 10:55 | Queue | Villager (Male) |
| 10:56 | Queue | Villager (Male) |
| 11:26 | Build | Watch Tower |
| 11:48 | Queue | Villager (Male) |
| 11:49 | Queue | Villager (Male) |
| 12:03 | Research | Double-Bit Axe |
| 12:14 | Build | Watch Tower |
| 12:17 | Build | House |
| 12:25 | Research | Town Watch |
| 12:28 | Queue | Villager (Male) |
| 12:43 | Queue | Villager (Male) |
| 13:28 | Queue | Villager (Male) |
| 13:31 | Queue | Villager (Male) |
| 13:38 | Build | Blacksmith |
| 13:46 | Queue | Villager (Male) |
| 13:52 | Build | House |
| 14:06 | Research | Fletching |
| 14:11 | Build | House |
| 14:17 | Build | Palisade Wall |
| 14:24 | Queue | Villager (Male) |
| 14:30 | Build | House |
| 14:32 | Queue | Villager (Male) |
| 15:07 | Build | Palisade Wall |
| 15:54 | Queue | Villager (Male) |
| 16:03 | Build | Farm |
| 16:04 | Build | Farm |
| 16:14 | Build | Watch Tower |
| 16:23 | Queue | Villager (Male) |
| 16:27 | Research | Horse Collar |
| 16:33 | Build | Farm |
| 16:38 | Build | Farm |
| 16:41 | Build | Farm |
| 16:41 | Build | Farm |
| 16:42 | Build | Farm |
| 16:42 | Build | Farm |
| 16:43 | Build | Farm |
| 16:55 | Build | Watch Tower |
| 17:42 | Build | Watch Tower |
| 17:44 | Queue | Villager (Male) |
| 17:47 | Queue | Villager (Male) |
| 17:56 | Build | Market |
| 18:25 | Build | Watch Tower |
| 18:29 | Queue | Villager (Male) |
| 18:33 | Build | Farm |
| 18:35 | Build | Farm |
| 18:36 | Build | Farm |
| 18:38 | Build | Farm |
| 18:41 | Build | Farm |
| 18:43 | Queue | Villager (Male) |
| 18:55 | Queue | Villager (Male) |
| 19:13 | Build | Mining Camp |
| 19:18 | Build | Farm |
| 19:21 | Build | Farm |
| 19:23 | Build | Farm |
| 19:24 | Queue | Villager (Male) |
| 19:44 | Build | Farm |
| 19:50 | Build | Mill |
| 19:51 | Build | Farm |
| 19:57 | Queue | Villager (Male) |
| 20:23 | Build | Palisade Wall |
| 20:46 | Build | Mining Camp |
| 20:47 | Queue | Villager (Male) |
| 21:17 | Build | Farm |
| 21:27 | Research | Castle Age |
| 21:51 | Research | Gold Mining |
| 22:10 | Build | Watch Tower |
| 22:26 | Build | Palisade Wall |
| 22:27 | Build | Palisade Wall |
| 23:04 | Queue | Villager (Male) |
| 23:23 | Queue | Villager (Male) |
| 23:39 | Build | Barracks |
| 24:07 | Age | Castle Age |
| 24:30 | Research | Stone Mining |
| 24:43 | Research | Bodkin Arrow |
| 24:57 | Build | Stable |
| 25:00 | Queue | Spearman |
| 25:11 | Queue | Villager (Male) |
| 25:14 | Queue | Villager (Male) |
| 25:17 | Queue | Villager (Male) |
| 25:25 | Research | Bow Saw |
| 25:42 | Build | House |
| 25:53 | Queue | Knight |
| 25:53 | Queue | Knight |
| 25:53 | Queue | Knight |
| 25:57 | Build | House |
| 26:08 | Build | House |
| 26:16 | Research | Heavy Plow |
| 26:29 | Build | Monastery |
| 26:31 | Queue | Knight |
| 26:38 | Research | Scale Barding Armor |
| 26:39 | Queue | Villager (Male) |
| 26:40 | Queue | Villager (Male) |
| 26:44 | Queue | Villager (Male) |
| 26:52 | Queue | Villager (Male) |
| 27:16 | Queue | Monk |
| 27:22 | Build | Town Center |
| 27:26 | Research | Bloodlines |
| 27:31 | Research | Forging |
| 27:40 | Queue | Villager (Male) |
| 27:52 | Queue | Villager (Male) |
| 28:24 | Build | House |
| 28:26 | Queue | Villager (Male) |
| 28:36 | Build | Town Center |
| 28:44 | Queue | Villager (Male) |
| 28:45 | Queue | Villager (Male) |
| 28:45 | Queue | Villager (Male) |
| 28:53 | Research | Stone Shaft Mining |
| 28:57 | Queue | Knight |
| 28:58 | Queue | Knight |
| 30:12 | Build | House |
| 30:13 | Queue | Villager (Male) |
| 30:34 | Queue | Knight |
| 30:35 | Queue | Knight |
| 30:38 | Queue | Villager (Male) |
| 30:50 | Queue | Knight |
| 31:00 | Build | Stable |
| 31:09 | Queue | Villager (Male) |
| 31:19 | Research | Iron Casting |
Match timeline
| 7:07 | NoDjok · first_building Barracks |
| 9:40 | NoDjok · age_up feudal |
| 9:48 | Miazaki2139 · wall_segment Palisade Wall x9 |
| 9:51 | NoDjok · first_building Archery Range |
| 10:48 | Miazaki2139 · age_up feudal |
| 11:34 | NoDjok · wall_segment Palisade Wall x4 |
| 12:11 | NoDjok · wall_segment Palisade Wall x6 |
| 12:14 | NoDjok · wall_segment Palisade Wall x3 |
| 12:44 | NoDjok · wall_segment Palisade Wall x6 |
| 14:17 | Miazaki2139 · wall_segment Palisade Wall x1 |
| 14:24 | NoDjok · wall_segment Palisade Wall x4 |
| 14:34 | NoDjok · wall_segment Palisade Wall x1 |
| 15:07 | Miazaki2139 · wall_segment Palisade Wall x4 |
| 15:59 | NoDjok · wall_segment Palisade Wall x10 |
| 16:52 | NoDjok · wall_segment Palisade Wall x11 |
| 17:03 | NoDjok · wall_segment Palisade Wall x12 |
| 19:10 | NoDjok · first_building Stable |
| 20:23 | Miazaki2139 · wall_segment Palisade Wall x8 |
| 20:59 | Miazaki2139 · first_market_sell 100 stone |
| 21:09 | Miazaki2139 · first_market_buy 100 food |
| 21:44 | NoDjok · age_up castle |
| 22:26 | Miazaki2139 · wall_segment Palisade Wall x10 |
| 22:27 | Miazaki2139 · wall_segment Palisade Wall x1 |
| 23:27 | NoDjok · first_building Castle |
| 23:39 | Miazaki2139 · first_building Barracks |
| 24:07 | Miazaki2139 · age_up castle |
| 24:57 | Miazaki2139 · first_building Stable |
| 25:48 | NoDjok · first_building Monastery |
| 26:29 | Miazaki2139 · first_building Monastery |
| 26:39 | NoDjok · first_building Siege Workshop |
| 31:03 | NoDjok · wall_segment Palisade Wall x1 |
| 32:11 | Miazaki2139 · first_building Castle |
| 32:11 | NoDjok · wall_segment Palisade Wall x5 |
| 33:52 | Miazaki2139 · wall_segment Palisade Wall x1 |
| 36:46 | Miazaki2139 · resign |
[ AI ANALYSIS · 1 CREDIT ]
What really happened in this match?
Wolo.gg analyzes every decision: build order, eco, micro, common mistakes by bracket. Personalized analysis on WhatsApp or Discord in 30 seconds.
Civ guide
Lithuanians
Perfil
Jugador #19715887